Map: New Repugnancy LE

Players

Clem - Winner!

  • Race: Terran Terran
  • Spawn Location: 7:00

Zanster

  • Race: Zerg Zerg
  • Spawn Location: 1:00

Event: 2019 WCS Spring

VOD

Have the link to the VOD?

Description

Time

  • Played on: May 18, 2019, 10:10 a.m.
  • Length: 19:33

All games in this series

Show
View Real Time Build Order
Export as new Build Order

Clem Terran - Winner!

Build Orders: Reaper Expand, Hellion Banshee, Mech 

Get SALT Encoding   

  12  0:00  SCV  
  13  0:12  SCV  
  14  0:17  Supply Depot  
  14  0:24  SCV  
  15  0:39  SCV  
  15  0:40  Barracks  
  16  0:44  Refinery  
  16  0:51  SCV  
  17  1:03  SCV  
  18  1:15  SCV  
  19  1:27  Reaper, Orbital Command  
  20  1:40  Command Center  
  20  1:49  Supply Depot  
  20  1:54  SCV  
  21  1:58  Marine  
  22  2:06  SCV, Refinery  
  23  2:12  Factory  
  23  2:16  Marine  
  23  2:18  SCV  
  25  2:30  SCV  
  25  2:35  Barracks Reactor  
  26  2:45  SCV  
  27  2:53  Orbital Command  
  27  2:55  Hellion  
  27  2:57  Starport  
  27  2:58  SCV  
  30  3:10  SCV  
  29  3:20  SCV  
  29  3:22  SCV  
  29  3:25  Barracks Tech Lab  
  29  3:26  Hellion x2  
  35  3:29  Supply Depot  
  35  3:32  SCV  
  36  3:37  SCV  
  37  3:44  SCV  
  38  3:49  Banshee  
  38  3:51  Cloaking Field  
  38  3:52  Hellion x2  
  38  3:54  Supply Depot  
  38  3:55  Marine  
  45  3:58  SCV x2  
  47  4:08  Armory  
  47  4:10  SCV  
  47  4:12  SCV  
  47  4:15  Hellion x2  
  53  4:22  SCV  
  54  4:26  Command Center  
  54  4:30  SCV  
  55  4:34  SCV, Banshee  
  59  4:43  Supply Depot  
  59  4:45  SCV, Hellion  
  62  5:00  Refinery  
  62  5:02  Supply Depot, Refinery  
  62  5:05  SCV x2  
  62  5:06  Supply Depot  
  66  5:17  SCV x2  
  66  5:20  Banshee  
  66  5:21  Supply Depot, Marine  
  69  5:23  Marine, Factory Tech Lab  
  71  5:28  Factory  
  71  5:29  SCV x2, Factory  
  73  5:38  Armory  
  73  5:39  Terran Vehicle And Ship Armor Level 1  
  73  5:40  Supply Depot  
  73  5:41  SCV x2  
  75  5:46  Orbital Command  
  75  5:52  Siege Tank  
  75  5:55  Marine x2  
  80  5:59  SCV x2  
  82  6:07  Supply Depot  
  82  6:11  SCV x2  
  82  6:15  Orbital Command  
  82  6:17  Supply Depot  
  82  6:22  Starport Reactor  
  82  6:23  SCV  
  82  6:24  Thor  
  82  6:25  SCV  
  90  6:31  Thor  
  96  6:35  SCV  
  96  6:39  Supply Depot  
  97  6:40  SCV  
  97  6:42  Terran Vehicle Weapons Level 1  
  97  6:45  SCV  
  99  6:47  SCV  
  99  6:51  Hellion x2  
  104  6:55  SCV, Refinery x2  
  104  6:58  SCV  
  104  6:59  Supply Depot  
  106  7:02  Engineering Bay, Medivac  
  106  7:03  Medivac  
  106  7:05  SCV  
  106  7:07  SCV  
  112  7:14  Thor  
  116  7:16  Hellion x2  
  116  7:19  SCV x2  
  116  7:20  SCV  
  115  7:31  SCV, Siege Tank  
  115  7:33  SCV  
  115  7:36  Missile Turret, Supply Depot  
  114  7:37  SCV  
  114  7:39  Missile Turret  
  114  7:40  Terran Vehicle And Ship Armor Level 2  
  114  7:41  Missile Turret  
  114  7:44  Supply Depot  
  115  7:45  Hellion x2  
  115  7:49  Factory, Barracks Reactor  
  115  7:50  SCV, Factory  
  120  7:54  SCV  
  120  7:57  Mag-Field Accelerator  
  121  8:01  SCV  
  121  8:02  SCV, Supply Depot  
  123  8:09  Command Center  
  123  8:13  Supply Depot  
  123  8:14  Infernal Pre-Igniter  
  123  8:18  Cyclone  
  123  8:19  Cyclone  
  129  8:26  Hellion x2  
  133  8:30  Supply Depot  
  133  8:31  Liberator x2  
  133  8:37  Factory Tech Lab  
  133  8:43  Supply Depot  
  133  8:44  Hellion x2  
  133  8:47  Hellion x2, Supply Depot  
  141  8:52  Hellion x2  
  151  8:57  Terran Vehicle Weapons Level 2  
  151  9:02  Siege Tank  
  151  9:05  Hellion  
  151  9:06  Supply Depot  
  151  9:08  Hellion  
  151  9:09  Hellion  
  157  9:16  Factory  
  157  9:17  Factory  
  157  9:18  Hellion, Cyclone x2, Supply Depot  
  165  9:27  Hellion  
  165  9:30  Hellion  
  169  9:32  SCV  
  169  9:36  SCV  
  171  9:40  Hellion  
  171  9:42  Refinery  
  171  9:43  Refinery  
  171  9:45  Hellion  
  167  9:47  Siege Tank  
  167  9:49  SCV x2  
  167  9:51  Cyclone x2  
  176  9:57  Hellion x2  
  176  9:59  Planetary Fortress  
  180  10:01  Missile Turret  
  180  10:02  SCV  
  180  10:03  SCV  
  180  10:07  Factory Reactor, Factory Tech Lab  
  182  10:11  Hellion  
  182  10:13  SCV  
  183  10:21  Thor, Drilling Claws  
  164  10:22  Thor  
  164  10:24  Widow Mine x2  
  164  10:25  Widow Mine  
  164  10:26  SCV  
  164  10:27  SCV  
  164  10:31  Hellion  
  164  10:34  Command Center  
  147  10:38  Widow Mine  
  147  10:42  SCV  
  142  10:44  Widow Mine x2  
  142  10:45  Thor  
  149  10:54  Hellion x2  
  153  10:59  Supply Depot  
  153  11:00  Widow Mine, Cyclone, Supply Depot  
  160  11:04  Cyclone  
  137  11:13  Hellion  
  137  11:14  Cyclone  
  142  11:18  SCV  
  142  11:24  Hellion x2  
  142  11:25  Hellion  
  143  11:28  Cyclone, Widow Mine  
  143  11:30  SCV  
  138  11:33  Cyclone  
  138  11:36  SCV, Cyclone  
  133  11:43  Hellion  
  133  11:46  Cyclone  
  138  11:49  Terran Vehicle Weapons Level 3  
  138  12:00  SCV x3, Cyclone  
  144  12:04  Hellion x2, Widow Mine  
  144  12:05  Cyclone  
  144  12:06  Hellion  
  144  12:08  Hellion, Cyclone  
  160  12:15  Hellion  
  162  12:18  Cyclone  
  165  12:25  SCV x2  
  165  12:26  Terran Vehicle And Ship Armor Level 3  
  165  12:30  Hellion  
  165  12:31  Planetary Fortress, Hellion x3  
  165  12:32  Cyclone  
  165  12:34  SCV x2, Refinery  
  165  12:35  Refinery  
  172  12:42  Missile Turret  
  172  12:47  Starport  
  172  12:48  Starport  
  172  12:57  Command Center  
  172  13:02  Command Center  
  172  13:04  Command Center  
  172  13:05  Cyclone x2  
  170  13:09  Cyclone  
  170  13:10  Cyclone  
  170  13:12  Hellion  
  150  13:20  Hellion x2  
  150  13:21  Hellion  
  150  13:25  Hellion  
  150  13:37  Cyclone x2  
  152  13:41  Hellion  
  152  13:42  Cyclone x2  
  152  13:47  Hellion  
  152  13:48  Hellion  
  157  13:59  SCV x2  
  157  14:00  SCV  
  160  14:03  Starport Reactor, Starport Tech Lab  
  160  14:05  SCV  
  160  14:06  Fusion Core  
  160  14:09  Cyclone x2  
  167  14:10  Hellion x2  
  167  14:11  Hellion  
  167  14:14  Cyclone x2  
  167  14:16  Hellion  
  176  14:18  Orbital Command  
  176  14:19  Liberator  
  176  14:20  Liberator x2  
  163  14:25  Hellion, Liberator  
  155  14:38  Orbital Command  
  164  14:41  Cyclone  
  164  14:42  Cyclone  
  169  14:45  Liberator  
  169  14:49  Terran Ship Weapons Level 1  
  169  14:50  Hellion  
  165  15:02  Liberator  
  165  15:03  Command Center  
  160  15:07  Cyclone  
  160  15:10  Hellion x3  
  160  15:11  Liberator x2  
  169  15:19  Hellion  
  169  15:21  Cyclone x2  
  180  15:25  Hellion x2  
  184  15:32  Liberator x2  
  190  15:37  Hellion x4  
  194  15:48  Advanced Ballistics  
  194  15:51  Planetary Fortress  
  194  16:00  Smart Servos  
  194  16:01  Cyclone  
  194  16:05  Cyclone x2  
  194  16:06  Liberator  
  194  16:08  Refinery  
  200  16:11  Refinery  
  200  16:36  Command Center  
  200  16:39  Viking x2  
  197  16:41  Viking  
  197  16:47  Viking  
  197  16:50  Terran Ship Weapons Level 2  
  199  16:58  Planetary Fortress, Starport  
  199  16:59  Starport  
  199  17:10  Hellion  
  199  17:14  Thor  
  199  17:19  Thor  
  199  17:22  Viking x2  
  198  17:27  Thor x2  
  191  18:06  Thor  
  191  18:13  Command Center  
  191  18:16  Command Center  
  188  18:29  Liberator  
  188  18:32  Liberator x2  
  188  18:33  Thor x2  
  200  18:37  Orbital Command  
  183  19:33  Refinery  
Show
View Real Time Build Order
Export as new Build Order

Zanster Zerg 

Build Orders: Pool First 

Get SALT Encoding   

  12  0:00  Drone  
  13  0:12  Overlord  
  13  0:16  Drone  
  14  0:31  Drone x2  
  14  0:35  Drone  
  17  0:45  Drone  
  17  0:46  Extractor  
  17  0:50  Spawning Pool  
  17  0:56  Drone  
  17  1:07  Drone  
  18  1:20  Hatchery  
  18  1:23  Drone  
  18  1:37  Queen  
  18  1:38  Zergling x2  
  21  1:41  Zergling x2  
  22  1:47  Metabolic Boost  
  22  1:54  Overlord  
  22  2:12  Queen  
  22  2:13  Drone x2  
  26  2:25  Drone  
  27  2:32  Queen, Drone  
  30  2:37  Zergling x2  
  30  2:43  Overlord  
  31  2:44  Drone  
  31  2:50  Drone  
  31  2:51  Drone x2  
  35  2:53  Extractor  
  35  2:56  Drone  
  36  3:01  Drone  
  35  3:15  Hatchery  
  35  3:16  Zergling x6  
  36  3:20  Drone  
  36  3:25  Queen  
  36  3:26  Drone  
  40  3:28  Drone  
  40  3:29  Drone  
  40  3:34  Overlord  
  42  3:38  Drone x2  
  44  3:52  Lair  
  44  3:54  Drone x5  
  49  3:59  Extractor  
  49  4:02  Roach Warren  
  47  4:03  Overlord  
  47  4:06  Drone  
  47  4:07  Drone  
  47  4:08  Drone  
  50  4:12  Overlord  
  50  4:18  Zergling x4  
  50  4:23  Overlord  
  52  4:26  Extractor  
  51  4:33  Overlord  
  51  4:36  Drone x3  
  54  4:43  Roach x4  
  54  4:44  Roach  
  64  4:47  Spore Crawler  
  64  4:48  Drone  
  64  4:50  Overseer  
  63  4:57  Drone x4  
  63  4:59  Glial Reconstitution, Overlord  
  67  5:02  Drone  
  67  5:03  Drone  
  67  5:06  Spore Crawler  
  68  5:13  Drone x5  
  73  5:16  Drone  
  74  5:23  Drone, Spire  
  74  5:25  Drone  
  74  5:26  Drone  
  74  5:27  Drone  
  77  5:31  Overlord, Overseer  
  77  5:34  Drone  
  78  5:36  Drone  
  78  5:42  Queen  
  79  5:43  Drone  
  79  5:47  Extractor x2, Drone  
  79  5:48  Extractor, Drone x3  
  83  5:52  Drone x4  
  86  5:57  Overlord  
  86  6:01  Drone  
  87  6:05  Roach x5  
  87  6:10  Roach  
  87  6:11  Roach x2  
  103  6:17  Overlord  
  103  6:23  Drone  
  104  6:26  Hatchery  
  104  6:27  Drone x5  
  108  6:40  Roach x2  
  108  6:41  Roach, Overlord  
  114  6:47  Mutalisk  
  114  6:48  Mutalisk x2  
  114  6:50  Overlord  
  114  6:51  Overlord  
  120  6:59  Mutalisk x3  
  126  7:01  Mutalisk  
  126  7:04  Mutalisk  
  126  7:08  Hatchery  
  126  7:11  Mutalisk x2  
  128  7:16  Drone  
  128  7:17  Drone x6  
  126  7:31  Roach x3  
  126  7:32  Drone  
  131  7:41  Overseer  
  131  7:47  Evolution Chamber x2, Drone  
  131  7:48  Infestation Pit, Drone x5  
  131  7:50  Zerg Flyer Armor Level 1  
  134  7:53  Drone  
  134  7:54  Hatchery  
  134  7:59  Zergling x2  
  134  8:00  Zergling x4  
  134  8:05  Pneumatized Carapace  
  137  8:09  Overlord  
  137  8:16  Roach  
  137  8:17  Roach x3, Drone  
  137  8:19  Overlord x3  
  146  8:22  Zerg Missile Weapons Level 1, Zerg Ground Armor Level 1  
  146  8:23  Drone x3  
  149  8:29  Drone x2  
  149  8:32  Drone  
  149  8:33  Drone x2  
  154  8:35  Extractor  
  154  8:36  Extractor  
  154  8:37  Drone  
  154  8:38  Drone x3  
  154  8:40  Drone  
  154  8:41  Overlord  
  155  9:02  Overlord  
  155  9:13  Drone x6  
  161  9:18  Hive  
  161  9:20  Mutalisk  
  161  9:21  Mutalisk x10  
  183  9:24  Extractor  
  183  9:25  Overlord  
  183  9:27  Extractor  
  183  9:28  Roach x2  
  183  9:29  Roach x5  
  179  9:50  Mutalisk x3  
  167  9:54  Roach x5  
  167  9:59  Roach x3  
  181  10:02  Spore Crawler  
  181  10:03  Spine Crawler  
  181  10:04  Spine Crawler  
  177  10:09  Roach x3  
  177  10:10  Roach x5  
  192  10:19  Roach x9, Hatchery  
  191  10:27  Zerg Flyer Weapons Level 1  
  179  10:33  Drone x12  
  179  10:34  Drone x2  
  185  10:40  Hydralisk Den  
  181  10:44  Drone x4  
  181  10:45  Drone x2  
  182  10:52  Zerg Ground Armor Level 2, Zerg Missile Weapons Level 2  
  183  10:57  Zergling x12  
  174  11:14  Viper x3  
  181  11:19  Zergling x26  
  181  11:20  Zergling x4  
  156  11:36  Roach x7  
  156  11:37  Roach  
  152  11:44  Muscular Augments  
  146  11:47  Hydralisk x8  
  146  11:48  Hydralisk  
  146  11:51  Hydralisk x2  
  168  11:56  Hydralisk  
  168  11:58  Hydralisk x2  
  168  11:59  Hydralisk  
  168  12:00  Ravager  
  168  12:01  Ravager x2  
  179  12:08  Hydralisk x4  
  179  12:09  Roach  
  189  12:19  Roach  
  189  12:20  Roach x4  
  199  12:24  Overseer x2  
  199  12:31  Drone x3  
  199  12:34  Roach  
  199  12:35  Roach x5  
  199  12:43  Greater Spire  
  197  12:47  Spine Crawler  
  197  12:48  Spine Crawler  
  195  12:55  Grooved Spines  
  182  13:09  Viper x3  
  182  13:10  Viper x2  
  183  13:19  Hydralisk, Roach x9  
  183  13:22  Drone x14  
  183  13:24  Roach  
  183  13:25  Roach x4, Zergling x2  
  190  13:33  Roach  
  190  13:34  Roach x4  
  185  13:41  Drone x6  
  179  13:49  Zergling x10  
  181  14:10  Hydralisk x6  
  181  14:13  Overlord  
  184  14:23  Hydralisk  
  184  14:24  Hydralisk x5  
  176  14:26  Overlord  
  182  14:33  Queen  
  182  14:36  Overlord  
  184  14:40  Drone x2  
  184  14:44  Zerg Missile Weapons Level 3  
  184  14:45  Corruptor x5  
  179  14:49  Corruptor  
  189  15:03  Corruptor x2  
  189  15:04  Corruptor  
  195  15:14  Hydralisk x2  
  195  15:16  Overseer x2  
  199  15:24  Overseer  
  199  15:40  Hatchery  
  196  15:45  Hatchery  
  195  16:01  Brood Lord  
  195  16:02  Brood Lord x8  
  195  16:05  Drone x2  
  195  16:08  Zerg Melee Weapons Level 1  
  195  16:09  Hydralisk  
  199  16:12  Extractor  
  182  16:56  Pathogen Glands  
  182  17:02  Zerg Flyer Armor Level 2, Hatchery  
  155  17:25  Corruptor x6  
  155  17:29  Infestor x4  
  158  17:30  Infestor  
  158  17:31  Infestor x2  
  158  17:36  Hydralisk  
  164  17:37  Hydralisk x9  
  164  17:42  Zergling x2  
  164  17:43  Zergling x12  
  188  17:49  Drone x5  
  180  17:53  Neural Parasite  
  171  17:59  Drone  
  171  18:03  Brood Lord x3  
  178  18:06  Hatchery  
  173  18:16  Brood Lord  
  175  18:30  Brood Lord  
  175  18:32  Brood Lord  
  179  18:39  Drone x4  
  169  18:49  Spore Crawler  
  169  18:50  Spore Crawler  
  162  18:57  Viper  
Tags
 
Add a new tag
Caveats
  • Supply blocks, unpowered buildings, or Contaminate may cause inaccurate times.
  • Supply counts are checked every 10 seconds.